 Dungeon Crawl Stone Soup version 0.23.2-1-ga50397a (webtiles) character file.

Game seed: 14024092690772971471

594 Fang the Skirmisher (level 7, -4/44 HPs)
             Began as a Gargoyle Berserker on May 8, 2019.
             Was a Priest of Trog.
             Killed from afar by an orc wizard (6 damage)
             ... with a puff of flame
             ... on level 4 of the Dungeon.
             The game lasted 00:02:45 (2921 turns).

Fang the Skirmisher (Gargoyle Berserker)            Turns: 2921, Time: 00:02:45

Health: -4/44      AC:  7    Str: 22    XL:     7   Next: 39%
Magic:  7/7        EV: 13    Int:  8    God:    Trog [***...]
Gold:   281        SH:  0    Dex:  9    Spells: 6/6 levels left

rFire    . . .     SeeInvis .   a - +0 hand axe
rCold    . . .     Gourm    .   (no shield)
rNeg     + + .     Faith    .   b - +0 animal skin
rPois    ∞         Spirit   .   (no helmet)
rElec    +         Reflect  .   (no cloak)
rCorr    +         Harm     .   (no gloves)
MR       .....                  (no boots)
Stlth    +.........             (no amulet)
HPRegen  0.14/turn              f - ring of positive energy
MPRegen  0.10/turn              m - ring of resist corrosion

@: confused
A: negative energy resistance 1, electricity resistance, unbreathing,
petrification resistance, rot immunity, AC +4
a: Berserk, Trog's Hand, Renounce Religion


You were on level 4 of the Dungeon.
You worshipped Trog.
Trog was most pleased with you.
You were hungry.

You visited 1 branch of the dungeon, and saw 4 of its levels.

You collected 281 gold pieces.

Inventory:

Hand Weapons
 a - a +0 hand axe (weapon)
Armour
 b - a +0 animal skin (worn)
Jewellery
 f - a ring of positive energy (left hand)
 m - a ring of resist corrosion (right hand)
 q - an uncursed ring of see invisible {unknown}
Wands
 t - a wand of random effects (24)
Scrolls
 g - 4 scrolls of immolation {unknown}
 h - 3 scrolls of fog {unknown}
 i - a scroll of magic mapping {unknown}
 j - 3 scrolls of remove curse {unknown}
 l - 2 scrolls of blinking {unknown}
 n - 2 scrolls of enchant weapon {unknown}
 o - a scroll of enchant armour {unknown}
 p - 2 scrolls of identify {unknown}
 v - a scroll of random uselessness {unknown}
Potions
 d - a potion of ambrosia {unknown}
 e - a potion of curing {unknown}
 k - a potion of brilliance {unknown}
 r - a potion of degeneration {unknown}
 u - 2 potions of heal wounds {unknown}
Comestibles
 c - 6 rations


   Skills:
 + Level 5.3 Fighting
 + Level 4.3 Axes
 + Level 4.7 Armour
 + Level 3.4 Dodging


You had 6 spell levels left.
You didn't know any spells.
Your spell library was empty.

Dungeon Overview and Level Annotations

Branches:
Dungeon (4/15)
 Temple: D:4-7

Altars:
Qazlal
Ru
Xom


Innate Abilities, Weirdness & Mutations

You are resistant to torment.
Your stone body is resilient. (AC +4)
You are immune to poison.
You resist negative energy. (rN+)
You are resistant to electric shocks. (rElec)
You can survive without breathing.
You are immune to petrification.
You are immune to rotting.


Message History

Trog accepts your kill.
You closely miss something.
You hear some strange, mumbled words.
A puff of flame appears from out of thin air!
The puff of flame hits you!
* * * LOW HITPOINT WARNING * * *
Something hits you but does no damage.
Things that are here:
a +0 mace; a +0 hand axe; an orc corpse
Items here: )) [ † a +0 flail; a +0 dagger; a +0 leather armour; an orc corpse You hear some strange, mumbled words.
You are confused.
You're too confused to move!
All of the chunks of flesh in your inventory have rotted away.
You bump into the rock wall.
You hear some strange, mumbled words.
A puff of flame appears from out of thin air!
The puff of flame hits you.
You die...

#.###
#####..# #.#
# #.# .....#
#.### #.#
##..###.##.
#.#
#........#
#.# #
##.....##.
#.# .##
#####.###
#.# ...# #.#
# #.#####..#
.######.# #
#.).)@..#
........#
#######..#
.######.###
...# #....
.## ##...
#########._.
...........
#######....
#.#.# #.#.#


There were no monsters in sight!

Vanquished Creatures
  The ghost of buriedalive the Magician, an amateur DEFE (D:3)
  2 hounds (D:3)
  2 orc priests
  A centaur skeleton (D:4)
  3 orc wizards
  An iguana (D:4)
  8 gnolls
  11 adders
  An ooze (D:4)
  An adder skeleton (D:4)
  3 dart slugs
  A leopard gecko (D:3)
  11 orcs
  3 ball pythons
  3 giant cockroaches
  7 jackals
  A quokka (D:3)
  8 bats
  2 frilled lizards
  9 goblins
  4 kobolds
  6 rats
89 creatures vanquished.

Notes
Turn   | Place    | Note
-------+----------+-------------------------------------------
     0 | D:1      | Fang the Gargoyle Berserker began the quest for the Orb.
     0 | D:1      | Reached XP level 1. HP: 14/14 MP: 1/1
   170 | D:1      | Reached XP level 2. HP: 14/19 MP: 2/2
   611 | D:2      | Found a sacrificial altar of Ru.
   621 | D:2      | Reached XP level 3. HP: 24/24 MP: 3/3
   623 | D:2      | Reached XP level 4. HP: 29/29 MP: 4/4
   837 | D:2      | Reached skill level 4 in Fighting
  1021 | D:3      | Reached ** piety under Trog
  1034 | D:3      | Found a runed translucent door.
  1083 | D:3      | Reached XP level 5. HP: 33/33 MP: 5/5
  1305 | D:3      | Noticed buriedalive's ghost (amateur DEFE)
  1322 | D:3      | Killed buriedalive's ghost
  1322 | D:3      | Reached XP level 6. HP: 36/39 MP: 6/6
  2139 | D:4      | Reached skill level 5 in Fighting
  2148 | D:4      | Found a stormy altar of Qazlal.
  2153 | D:4      | Reached XP level 7. HP: 26/44 MP: 7/7
  2160 | D:4      | Reached *** piety under Trog
  2700 | D:4      | Found a shimmering altar of Xom.
  2915 | D:4      | HP: 1/44 [something/puff of flame (8)]
  2921 | D:4      | Killed from afar by an orc wizard

Skill      XL: |  1  2  3  4  5  6 |
---------------+-------------------+-----
Axes           | 3 4 |  4.3
Dodging        | 2 3 |  3.4
Armour         | 3 4 |  4.7
Fighting       | 4 5 |  5.3

Action                   |  1- 3 |  4- 6 |  7- 9 || total
-------------------------+-------+-------+-------++-------
Melee: Hand axe          |    53 |   151 |   114 ||   318
Invok: Berserk           |     1 |     4 |       ||     5
 Stab: Paralysed         |       |     2 |       ||     2
  Eat: Chunk             |       |     8 |     3 ||    11
Armor: Animal skin       |    20 |    52 |    38 ||   110
Dodge: Dodged            |    41 |   116 |    63 ||   220
